AoeStats
← 有个小草

Arabian Desert

509093982Analyzed
1v1 RM · 7d ago on Sep 25, 2026· 31m 43s· 2 players
Game mode
Random Map
Map size
Tiny (2 player)
Population
200
Speed
Normal
Resources
Standard
Victory
Conquest
Starting age
Dark Age
Ending age
Imperial Age
RankedLock teamsTeams togetherTeam positionsShared explorationLock speedFull tech treeHidden civsTurbo modeCheats
Victory
Defeat
🇨🇳 Franks · China
1153
+15
🇨🇱 Inca · Chile
1138
-15
| SNV | AoEBengi
3:44 Loom
3:53 Loom
12:57 Feudal Age
16:01 Double-Bit Axe
19:34 Castle Age
17:31 Gold Mining
17:22 Horse Collar
19:33 Fletching
19:43 Padded Archer Armor
21:57 Bodkin Arrow
22:17 Leather Archer Armor
有个小草
9:56 Feudal Age
14:50 Double-Bit Axe
15:01 Double-Bit Axe
18:39 Castle Age
17:05 Gold Mining
17:30 Scale Barding Armor
18:13 Loom
19:04 Wheelbarrow
19:10 Forging
26:15 Chain Barding Armor
25:30 Light Cavalry
26:10 Husbandry
Connection lost

Rejoining the realm…

Still unreachable

The connection could not be restored.

Session expired

The server has moved on; the page needs a fresh start.